 Dungeon Crawl Stone Soup version 0.20-a0-51-g027d3fc (webtiles) character file.

2189 rithlin the Chopper (level 9, -2/75 HPs)
             Began as a Minotaur Gladiator on Nov 15, 2016.
             Was an Initiate of Makhleb.
             Killed from afar by a fire crab (5 damage)
             ... with a blast of flame
             ... created by the adversity of Qazlal
             ... on level 9 of the Dungeon.
             The game lasted 00:45:27 (3485 turns).

rithlin the Chopper (Minotaur Gladiator)            Turns: 3485, Time: 00:45:28

Health: -2/75      AC: 19    Str: 26    XL:     9   Next: 12%
Magic:  8/8        EV:  8    Int:  5    God:    Makhleb [......]
Gold:   138        SH:  3    Dex:  7    Spells: 0 memorised, 8 levels left

rFire  + . .     SeeInvis .     L - +4 Vampire's Tooth {vamp}
rCold  . . .     Gourm    .     t - +0 plate armour
rNeg   . . .     Faith    +     H - +0 buckler (curse)
rPois  .         Spirit   .     c - +0 hat
rElec  .         Reflect  .     (no cloak)
rCorr  .         Harm     .     (no gloves)
MR     .....                    v - +1 pair of boots (curse)
Stlth  ..........               s - amulet of faith
                                R - +3 ring of strength
                                o - ring of protection from fire (curse)

@: very slightly contaminated, very slow
A: retaliatory headbutt, horns 2, iridescent scales 1, thin metallic scales 1,
clumsy 2, slow regeneration 1, evolution 1
a: Renounce Religion


You were on level 9 of the Dungeon.
You worshipped Makhleb.
Makhleb was noncommittal.
You were very full.

You visited 2 branches of the dungeon, and saw 10 of its levels.

You collected 138 gold pieces.

Inventory:

Hand Weapons
 a - a cursed +0 war axe
 d - a +0 shortbow
 e - a cursed -3 hand axe
 i - a +0 whip
 k - a +0 battleaxe
 n - a +0 mace
 K - a cursed +0 flail
 L - the +4 Vampire's Tooth (weapon) {vamp}
   (You found it on level 5 of the Dungeon)

   It inflicts no extra harm, but heals its wielder when it wounds a living foe.
 O - a +0 short sword of freezing
 P - a +0 mace of draining
 Q - a +0 glaive
Missiles
 j - 95 stones (quivered)
 w - 63 bolts
 y - 9 large rocks
 E - 5 poisoned needles
Armour
 b - a cursed +0 leather armour
 c - a +0 hat (worn)
 r - a +0 leather armour
 t - a +0 plate armour (worn)
 v - a cursed +1 pair of boots (worn)
 x - a +0 helmet
 H - a cursed +0 buckler (worn)
Jewellery
 o - a cursed ring of protection from fire (left hand)
 s - an amulet of faith (around neck)
 I - an uncursed ring of magical power
 N - an uncursed amulet of guardian spirit
 R - a +3 ring of strength (right hand)
 V - an uncursed amulet of rage {unknown}
Scrolls
 m - 2 scrolls of blinking
 p - 2 scrolls of recharging
 q - a scroll of immolation
 z - a scroll of random uselessness
 A - a scroll of enchant weapon {unknown}
 B - a scroll of fog {unknown}
 C - a scroll of amnesia {unknown}
 F - 3 scrolls of teleportation {unknown}
 T - a scroll of enchant armour {unknown}
Potions
 u - 4 potions of degeneration {awful}
 D - a potion of brilliance {unknown}
 G - 2 potions of cancellation {unknown}
Books
 J - a book of Callings

   Spells                             Type                      Level
   a - Summon Small Mammal            Summoning                    1
   b - Call Imp                       Summoning                    2
   c - Call Canine Familiar           Summoning                    3
   d - Summon Guardian Golem          Hexes/Summoning              3
   e - Summon Lightning Spire         Summoning/Air                4
   f - Summon Ice Beast               Ice/Summoning                4
 U - a book of Misfortune

   Spells                             Type                      Level
   a - Confusing Touch                Hexes                        1
   b - Confuse                        Hexes                        3
   c - Gell's Gravitas                Hexes/Translocation          3
   d - Petrify                        Transmutation/Earth          4
   e - Metabolic Englaciation         Hexes/Ice                    5
   f - Yara's Violent Unravelling     Hexes/Transmutation          5
Comestibles
 f - 2 bread rations
 g - 2 meat rations
 h - 2 beef jerkies
 l - a slice of pizza
 S - 4 fruits


   Skills:
 + Level 5.8 Fighting
 + Level 6.2 Short Blades
 + Level 7.6 Axes
 + Level 3.1 Throwing
 + Level 7.1 Armour
 + Level 4.4 Dodging
 + Level 1.0 Stealth
 + Level 2.7 Shields


You had 8 spell levels left.
You didn't know any spells.

Dungeon Overview and Level Annotations

Branches:
Dungeon (9/15)             Temple (1/1) D:5
   Lair: D:8-11         Orc: D:9-12

Altars:
Cheibriados
Elyvilon
Fedhas
Gozag
Hepliaklqana
Kikubaaqudgha
Makhleb
Nemelex Xobeh
Okawaru
Qazlal
Ru
Sif Muna
Trog
Uskayaw
Vehumet
Xom
Yredelemnul
Zin

Shops:
D:6 }

Annotations:
D:3 exclusion: upstairs


Innate Abilities, Weirdness & Mutations

You reflexively headbutt those who attack you in melee.
You have a pair of horns on your head.
You are partially covered in iridescent scales. (AC +2)
You are partially covered in thin metallic scales. (AC +2)
You are very clumsy. (Dex -4)
You regenerate slowly when monsters are visible.
You evolve.


Message History

You throw a stone.
The stone hits the fire crab but does no damage.
The fire crab is almost dead.
You are engulfed in roaring flames.
You resist.
* * * LOW HITPOINT WARNING * * *
The fire crab breathes flames at you. The blast of flame engulfs you!
Throwing (i - inventory):
j - 97 stones (quivered)
Press: ? - help, Shift-Dir - straight line, f/p - fire crab
Aim: a fire crab (almost dead, durably summoned)
You throw a stone.
The stone hits the fire crab but does no damage.
The fire crab is almost dead.
Throwing (i - inventory):
j - 96 stones (quivered)
Press: ? - help, Shift-Dir - straight line, f/p - fire crab
Aim: a fire crab (almost dead, durably summoned)
You throw a stone. The stone barely misses the fire crab.
The fire crab breathes flames at you. The blast of flame engulfs you!
You resist.
You die...

#############
##...........#
######............# .
.....#............##....
.....#...(((((t§@.......
...................#....
......#............# .
.....##....)...?...#
###+###......#######
#.....## #######


You could see a fire crab.

Vanquished Creatures
  A rime drake (D:9)
  A hornet (D:7)
  A wyvern (D:9)
  Duvessa (D:6)
  2 sky beasts
  3 orc warriors
  2 ogres
  A centaur (D:6)
  2 bullfrogs
  Dowan (D:6)
  4 scorpions
  2 vampire bats (D:5)
  3 crimson imps
  A jelly (D:6)
  2 centaur skeletons
  A hound (D:6)
  3 orc priests (D:6)
  An iguana (D:4)
  2 orc wizards (D:6)
  2 worker ants
  A hound zombie (D:6)
  A hound skeleton (D:4)
  3 adders
  A howler monkey skeleton (D:6)
  An adder skeleton (D:6)
  2 worms
  A dart slug (D:2)
  5 leopard geckos
  13 orcs
  7 bats
  2 giant cockroaches
  7 goblins (D:1)
  3 hobgoblins
  A jackal (D:6)
  5 kobolds
  2 quokkas
  2 frilled lizards (D:1)
  A jackal skeleton (D:4)
  A leopard gecko skeleton (D:5)
  A leopard gecko zombie (D:5)
  7 rats
  4 withered plants (D:4)
107 creatures vanquished.

Notes
Turn   | Place    | Note
-------+----------+-------------------------------------------
     0 | D:1      | rithlin the Minotaur Gladiator began the quest for the Orb.
     0 | D:1      | Reached XP level 1. HP: 18/18 MP: 0/0
   134 | D:1      | Reached XP level 2. HP: 22/25 MP: 1/1
   349 | D:2      | Reached XP level 3. HP: 26/30 MP: 2/2
   806 | D:3      | Found a snail-covered altar of Cheibriados.
   818 | D:3      | Became a worshipper of Cheibriados the Contemplative
   971 | D:4      | Found an opulent altar of Gozag.
  1059 | D:4      | Reached skill level 1 in Armour
  1059 | D:4      | Reached XP level 4. HP: 28/37 MP: 3/3
  1191 | D:4      | Reached skill level 5 in Axes
  1191 | D:4      | Reached XP level 5. HP: 43/45 MP: 4/4
  1369 | D:4      | Found a stormy altar of Qazlal.
  1382 | D:4      | Fell from the grace of Cheibriados
  1382 | D:4      | Became a worshipper of Qazlal Stormbringer
  1483 | D:4      | Found a basalt altar of Yredelemnul.
  1644 | D:5      | Entered Level 5 of the Dungeon
  1652 | D:5      | Found a sacrificial altar of Ru.
  1943 | D:5      | Reached XP level 6. HP: 47/51 MP: 5/5
  2026 | D:5      | Found a staircase to the Ecumenical Temple.
  2037 | Temple   | Entered the Ecumenical Temple
  2187 | D:5      | Reached skill level 1 in Stealth
  2230 | D:5      | Noticed a sky beast
  2255 | D:5      | Killed a sky beast
  2259 | D:5      | Gained mutation: You are clumsy. (Dex -2) [mutagenic meat]
  2262 | D:5      | Gained mutation: You are partially covered in thin metallic scales. (AC +2) [mutagenic meat]
  2263 | D:5      | Gained mutation: You are partially covered in iridescent scales. (AC +2) [mutagenic meat]
  2294 | D:6      | Reached * piety under Qazlal
  2313 | D:6      | Reached XP level 7. HP: 55/59 MP: 6/6
  2362 | D:6      | Reached skill level 1 in Short Blades
  2502 | D:6      | Gained mutation: You evolve. [mutagenic meat]
  2503 | D:6      | Gained mutation: You regenerate slowly when monsters are visible. [mutagenic meat]
  2505 | D:6      | Gained mutation: You are very clumsy. (Dex -4) [mutagenic meat]
  2522 | D:6      | Noticed Duvessa
  2526 | D:6      | Noticed Dowan
  2538 | D:6      | Killed Duvessa
  2547 | D:6      | Killed Dowan
  2547 | D:6      | Reached skill level 5 in Armour
  2547 | D:6      | Reached skill level 1 in Shields
  2720 | D:6      | Reached XP level 8. HP: 62/67 MP: 7/7
  2725 | D:6      | Reached skill level 5 in Fighting
  2841 | D:6      | Found Conur's Gadget Emporium.
  2905 | D:6      | Reached ** piety under Qazlal
  2987 | D:7      | Reached skill level 5 in Short Blades
  3066 | D:7      | Found an iron altar of Okawaru.
  3096 | D:7      | Noticed a hornet
  3111 | D:7      | Killed a hornet
  3328 | D:8      | Found a burning altar of Makhleb.
  3334 | D:8      | Fell from the grace of Qazlal
  3334 | D:8      | Became a worshipper of Makhleb the Destroyer
  3372 | D:9      | Reached XP level 9. HP: 59/75 MP: 8/8
  3459 | D:9      | Noticed a rime drake
  3459 | D:9      | Noticed a fire crab
  3467 | D:9      | Killed a rime drake
  3483 | D:9      | HP: 2/75 [fire crab][the adversity of Qazlal] (6)]
  3485 | D:9      | Killed from afar by a fire crab

Vault maps used:
D:1:      matt_arrival_los_fun
D:2:      minmay_joined_circles
D:3:      minmay_door_path, old_standard_altar
D:4:      nicolae_qazlal_eye_of_the_storm, yredelemnul_altar_generic,
          first_bread, grunt_gozag_breadcrumbs
D:5:      cheibrodos_iron_armory, nicolae_ru_sacrificial_ziggurat,
          portal_sewer_entry_d, minmay_guarded_unrand_vampires_tooth
D:6:      serial_shops, shop, grunt_tough_drop, uniq_crazy_yiuf_cottage,
          uniq_duvessa
D:7:      nicolae_overflow_crystal_walls, tso_metal_star
D:8:      kennysheep_mini, marbit_many_paths, erik_lair_dragon, the_bakery,
          uniq_erica, uniq_joseph
D:9:      lemuel_round_altar, david_orc_1_choice, minmay_strange_pillars
Temple:   nicolae_temple_x_marks_the_god

Skill      XL: |  1  2  3  4  5  6  7  8  9 |
---------------+----------------------------+-----
Axes           | 4 5 6 7 |  7.6
Dodging        | 4 |  4.4
Armour         | 1 2 3 5 6 7 |  7.1
Fighting       | 3 4 5 |  5.8
Stealth        | 1 |  1.0
Short Blades   | 2 6 |  6.2
Shields        | 1 2 |  2.7
Throwing       | 3 |  3.1

Action                   |  1- 3 |  4- 6 |  7- 9 || total
-------------------------+-------+-------+-------++-------
Melee: War axe           |    65 |   110 |       ||   175
       Headbutt          |     8 |    41 |    46 ||    95
       Dagger            |       |    40 |   237 ||   277
Throw: Throwing net      |     7 |     4 |       ||    11
       Tomahawk          |       |       |    14 ||    14
       Stone             |       |       |     3 ||     3
Invok: Upheaval          |       |       |     1 ||     1
  Use: Scroll            |     5 |     2 |     5 ||    12
       Potion            |     1 |       |     3 ||     4
 Stab: Held in net/web   |     1 |       |       ||     1
  Eat: Fruit             |     3 |       |       ||     3
       Beef jerky        |       |     1 |       ||     1
       Chunk             |       |     3 |     4 ||     7
       Meat ration       |       |     2 |       ||     2
       Bread ration      |       |     1 |     1 ||     2
Armor: Leather armour    |     8 |       |       ||     8
       Plate armour      |     7 |    93 |   117 ||   217
Dodge: Dodged            |    40 |    28 |    70 ||   138
Block: Buckler           |       |    11 |    28 ||    39
